 Dungeon Crawl Stone Soup version 0.27-a0-1196-g3e9cee4cb2 (webtiles) character file.

Game seed: 13496870223392287590

92 mordus the Sneak (level 4, 0/22 HPs)
             Began as a Spriggan Brigand on May 28, 2021.
             Succumbed to a kobold brigand's poison
             ... on level 4 of the Dungeon.
             The game lasted 00:09:56 (3533 turns).

mordus the Sneak (Spriggan Brigand)                 Turns: 3533, Time: 00:09:56

Health: 0/22       AC:  3    Str:  7    XL:     4   Next: 35%
Magic:  5/5        EV: 17    Int: 12    God:
Gold:   84         SH:  0    Dex: 17    Spells: 3/3 levels left

rFire    . . .     SeeInvis +   o - +1 dagger (speed)
rCold    . . .     Faith    .   (shield restricted)
rNeg     . . .     Spirit   .   b - +0 robe
rPois    .         Reflect  .   (helmet restricted)
rElec    .         Harm     .   c - +0 cloak
rCorr    .         Rampage  .   (gloves unavailable)
Will     .....                  (boots unavailable)
Stlth    ++++......             (no amulet)
HPRegen  0.07/turn              m - +4 ring of slaying
MPRegen  0.09/turn              (no ring)

@: lethally poisoned (0 -> -7), very quick
A: very small, no large weapons, unfitting armour, see invisible, speed 3
a: no special abilities


You were on level 4 of the Dungeon.
You visited 1 branch of the dungeon, and saw 4 of its levels.

You collected 84 gold pieces.

Inventory:

Hand Weapons
 a - a +2 dagger
 o - a +1 dagger of speed (weapon)
Missiles
 d - 49 poisoned darts (quivered)
 e - 4 curare-tipped darts
Armour
 b - a +0 robe (worn)
 c - a +0 cloak (worn)
Jewellery
 f - a ring of wizardry
 m - a +4 ring of slaying (left hand)
 q - a ring of ice
Wands
 r - a wand of paralysis (7)
Scrolls
 l - a scroll of identify
Potions
 g - a potion of attraction
 h - a potion of resistance {unknown}
 i - a potion of flight {unknown}
 j - 2 potions of mutation {unknown}
 k - a potion of might {unknown}
 n - a potion of lignification {unknown}
 p - a potion of brilliance {unknown}
 s - a potion of heal wounds {unknown}
 t - a potion of degeneration {unknown}


   Skills:
 - Level 1.5 Fighting
 * Level 3.4 Short Blades
 + Level 2.6 Throwing
 + Level 2.5 Dodging
 * Level 7.0 Stealth


You had 3 spell levels left.
You didn't know any spells.
Your spell library contained the following spells:

 Spells                   Type           Power      Damage    Failure   Level
 Corona                   Hex            0%         N/A       32%         1
 Slow                     Hex            0%         N/A       45%         2
 Inner Flame              Hex/Fire       0%         N/A       69%         3
 Portal Projectile        Hex/Tloc       0%         N/A       69%         3
 Cause Fear               Hex            0%         N/A       97%         4
 Leda's Liquefaction      Hex/Erth       0%         N/A       97%         4


Dungeon Overview and Level Annotations

Branches:
Dungeon (4/15)
 Temple: D:4-7

Altars:

Shops:
D:3 (


Innate Abilities, Weirdness & Mutations

You are very small and have problems with some larger weapons.
You are too small for most types of armour.
You have supernaturally acute eyesight. (SInv)
You cover ground extremely quickly. (Speed+++)


Message History

The kobold is severely wounded.
The kobold hits you with a +0 whip.
You puncture the kobold!
You kill the kobold!
The kobold brigand throws a poisoned dart.
The poisoned dart hits you!
You are poisoned.
You feel sick.
You feel sick.
You feel sick.
You feel sick.
You feel sick.
The kobold brigand throws a poisoned dart.
The poisoned dart closely misses you.
The kobold hits the plant with a +0 dagger.
The plant begins to die.
You feel sick.
A nearby plant withers and dies.
Something hits the plant.
The plant begins to die.
You feel sick.
You are no longer poisoned.
The kobold hits something with a +0 dagger.
The kobold brigand throws a poisoned dart.
The poisoned dart hits you.
You are poisoned.
You feel sick.
You feel sick.
You feel sick.
The kobold brigand throws a poisoned dart.
The poisoned dart hits you!
You are lethally poisoned!
You feel sick.
* * * LOW HITPOINT WARNING * * *
You feel sick.
* * * LOW HITPOINT WARNING * * *
You feel sick.
* * * LOW HITPOINT WARNING * * *
You feel sick.
* * * LOW HITPOINT WARNING * * *
You feel sick.
You die...

#####.######. #.#
#.#####... ###
#......... ..#
#.........
##.#######.######..
..........#
#.######..# #@# #..#
#.# #..# #.# #..## #.#
##...###### . #.#
##....##...#
....##.####.K........#
#.........#♣.♣####.P#
##.#########PK♣.##PP#
# #.♣KP####♣


There were no monsters in sight!

Vanquished Creatures
  3 adders
  4 bats
  7 endoplasms
  A giant cockroach (D:1)
  6 goblins
  9 hobgoblins
  2 jackals (D:3)
  12 kobolds
  3 quokkas
  6 ball pythons
  3 frilled lizards
  3 rats
59 creatures vanquished.

Vanquished Creatures (others)
  11 plants (D:4)
11 creatures vanquished.

Grand Total: 70 creatures vanquished

Notes
Turn   | Place    | Note
-------+----------+-------------------------------------------
     0 | D:1      | mordus the Spriggan Brigand began the quest for the Orb.
     0 | D:1      | Reached XP level 1. HP: 10/10 MP: 2/2
   193 | D:1      | Reached skill level 6 in Stealth
   264 | D:1      | Reached XP level 2. HP: 14/14 MP: 3/3
   731 | D:1      | Found a faded altar of an unknown god.
  1334 | D:2      | Reached XP level 3. HP: 18/18 MP: 4/4
  2728 | D:3      | Reached XP level 4. HP: 22/22 MP: 5/5
  2951 | D:3      | Found Xoug's Weapon Emporium.
  3273 | D:4      | Reached skill level 7 in Stealth
  3498 | D:4      | Noticed a kobold brigand
  3532 | D:4      | HP: 1/22 [poisoned by a kobold brigand]
  3533 | D:4      | Succumbed to a kobold brigand's poison

Illustrated notes

Levels and vault maps discovered:
D:1:      lemuel_arrival_lava_pool, layout_basic,
          chequers_ecumenical_altar_grove
D:2:      layout_loops_cross, kennysheep_pointless_box, roderic_serpentine_path,
          grunt_ministairs_7, mrwooster_statue_mirror, minivault_4,
          minmay_misc_feat_five
D:3:      layout_basic, serial_shops, shop
D:4:      kennysheep_kobold_camp, layout_loops_ring

Skill      XL: |  1  2  3  4 |
---------------+-------------+-----
Stealth        | 6 7 |  7.0
Dodging        | 2 |  2.5
Short Blades   | 3 |  3.4
Fighting       | |  1.5
Throwing       | |  2.6

Action                   |  1- 3 |  4- 6 || total
-------------------------+-------+-------++-------
Melee: Dagger            |   133 |    30 ||   163
Throw: Dart              |     8 |       ||     8
  Use: Scroll            |     2 |       ||     2
 Stab: Sleeping          |    18 |     2 ||    20
Armor: Robe              |     8 |     5 ||    13
Dodge: Dodged            |    78 |     6 ||    84

Table legend: (Time is in decaauts)
 A = Elapsed time spent in this place.
 B = Non-inter-level travel time spent in this place.
 C = Inter-level travel time spent in this place.
 D = Time resting spent in this place.
 E = Time spent auto-exploring this place.
 F = Levels seen in this place.
 G = Mean time per level.
                   A        B        C        D        E       F      G
               +--------+--------+--------+--------+--------+-----+--------+
         Total |   2574 |   2532 |     42 |    567 |   1497 |   4 |  643.5 |
       Dungeon |   2574 |   2532 |     42 |    567 |   1497 |   4 |  643.5 |
               +--------+--------+--------+--------+--------+-----+--------+

Top non-repeatable levels by time:
     D:2: 1147 daAuts
     D:1: 736 daAuts
     D:3: 605 daAuts
     D:4: 85 daAuts
